Map: Submarine LE

Players

Throwfordays - Winner!

  • Race: Protoss Protoss
  • League: Bronze
  • Spawn Location: 5:00

VOD

Have the link to the VOD?

Description

Time

  • Played on: June 26, 2020, 7:45 p.m.
  • Length: 8:04
Show
View Real Time Build Order
Export as new Build Order

Throwfordays Protoss - Winner!

Build Orders:  

Get SALT Encoding   

  12  0:04  Probe (Chrono Boost)  
  14  0:21  Probe (Chrono Boost)  
  14  0:38  Probe (Chrono Boost)  
  15  0:43  Pylon  
  15  0:58  Assimilator  
  16  1:11  Probe (Chrono Boost)  
  16  1:15  Gateway  
  16  1:25  Gateway  
  16  1:27  Probe (Chrono Boost)  
  17  1:38  Probe (Chrono Boost)  
  17  1:47  Pylon  
  17  1:49  Probe (Chrono Boost)  
  19  2:05  Probe (Chrono Boost)  
  20  2:21  Cybernetics Core, Zealot  
  22  2:31  Zealot  
  24  2:45  Gateway  
  24  2:56  Gateway  
  28  3:54  Unknown  
  28  3:56  Unknown  
  30  4:03  Pylon  
  30  4:17  Unknown x2  
  30  4:33  Unknown  
  30  4:37  Unknown  
  30  4:39  Unknown  
  34  5:01  Warp Gate  
  34  5:07  Unknown  
  34  5:18  Unknown x4  
  34  5:31  Unknown x3  
  38  5:41  Pylon  
  28  6:14  Gateway  
  28  6:16  Gateway  
  28  6:19  Unknown  
  28  6:20  Unknown x3  
  28  6:37  Adept x2  
  28  6:38  Adept x2  
  36  6:52  Unknown x4  
  36  6:56  Unknown x4  
  36  7:09  Adept x2  
  40  7:10  Adept x2  
  44  7:28  Unknown x8  
  44  7:34  Adept x2  
Tags
 
League
Bronze
Matchup
Co-op
Replay Pack
Multiplayer
Add a new tag
Caveats
  • Supply blocks, unpowered buildings, or Contaminate may cause inaccurate times.
  • Supply counts are checked every 10 seconds.